 Dungeon Crawl Stone Soup version 0.28-a0-863-g8cecda6153 (webtiles) character file.

Game seed: 5568747133758514082

200 jasper the Chopper (level 5, -2/33 HPs)
             Began as a Gargoyle Gladiator on Nov 18, 2021.
             Slain by an orc priest (4 damage)
             ... on level 3 of the Dungeon.
             The game lasted 00:04:24 (2401 turns).

jasper the Chopper (Gargoyle Gladiator)             Turns: 2401, Time: 00:04:25

Health: -2/33      AC: 11    Str: 17    XL:     5   Next: 79%
Magic:  5/5        EV: 10    Int:  9    God:
Gold:   136        SH:  0    Dex: 12    Spells: 4/4 levels left

rFire   . . .      SeeInvis .   a - +0 war axe
rCold   . . .      Faith    .   (no shield)
rNeg    + . .      Spirit   .   f - +0 scale mail
rPois   ∞          Reflect  .   c - +0 helmet
rElec   +          Harm     .   (no cloak)
rCorr   .          Rampage  .   (no gloves)
Will    .....                   (no boots)
Stlth   ..........              (no amulet)
HPRegen 0.11/turn               (no ring)
MPRegen 0.09/turn               (no ring)

@: no status effects
A: sickness immunity, AC +4, negative energy resistance 1, electricity
resistance, torment resistance 1, petrification resistance
a: no special abilities


You were on level 3 of the Dungeon.
You visited 1 branch of the dungeon, and saw 4 of its levels.

You collected 136 gold pieces.

Inventory:

Hand Weapons
 a - a +0 war axe (weapon)
 l - a +0 flail
Missiles
 e - 34 stones (quivered)
Armour
 b - a +0 leather armour
 c - a +0 helmet (worn)
 f - a +0 scale mail (worn)
 g - a +0 ring mail
 j - a +0 chain mail
Scrolls
 h - a scroll of identify
Potions
 i - 2 potions of brilliance
 k - a potion of mutation


   Skills:
 + Level 3.6 Fighting
 * Level 4.4 Axes
 - Level 1.7 Throwing
 + Level 2.7 Armour
 - Level 2.4 Dodging


You had 4 spell levels left.
You didn't know any spells.
Your spell library contained the following spells:

 Spells                   Type           Power      Damage    Failure   Level
 Sandblast                Erth           0%         2d4       80%         1
 Passwall                 Tmut/Erth      0%         N/A       90%         2
 Stone Arrow              Conj/Erth      0%         3d7       99%         3


Dungeon Overview and Level Annotations

Branches:
Dungeon (4/15)
 Temple: D:4-7

Altars:


Innate Abilities, Weirdness & Mutations

You are immune to sickness and miasma.
Your stone body is resilient. (AC +4)
You are immune to poison.
You resist negative energy. (rN+)
You are resistant to electric shocks. (rElec)
You are resistant to unholy torment.
You are immune to petrification.


Message History

Items here: ))) [[[ ÷.
There is a stone staircase leading up here.
You climb upwards.
The orc barely misses you.
There is a stone staircase leading down here.
You slash the orc!
You kill the orc!
The orc hits you but does no damage.
You hit the orc.
The orc is heavily wounded.
The orc barely misses you.
You slash the orc!
You kill the orc!
The orc priest hits you but does no damage.
Things that are here:
a +0 club; a +0 war axe; an orc corpse You barely miss the orc priest.
The orc priest mumbles some strange prayers to Beogh against you.
Beogh smites you!
You take 7 damage, and have 16/33 hp.
MASSIVE DAMAGE!!
You barely miss the orc priest.
The orc priest hits you with a +0 war axe.
You hit the orc priest but do no damage.
The orc priest barely misses you. x2
You closely miss the orc priest.
The orc shouts!
The orc priest hits you but does no damage.
You slash the orc priest!
The orc priest is heavily wounded.
The orc priest calls down the wrath of Beogh upon you.
Beogh smites you!
* * * LOW HITPOINT WARNING * * *
You take 14 damage, and have 2/33 hp.
MASSIVE DAMAGE!!
You hit the orc priest.
The orc priest is heavily wounded.
The orc priest miscasts a cantrip.
Okay, then.
You closely miss the orc priest.
The orc priest is heavily wounded.
The orc priest hits you with a +0 war axe.
You die...

#########
........## ##
###.....######
.####.....oo.....#
......#.....####o#
########...## #o#
##.## #@# #.# #>#
####.######.#
#...........#
#.##.######## ##
#.#..# .. #.#.##
## #.#.# #.#.##


You could see an orc priest and an orc.

Vanquished Creatures
  An iguana (D:4)
  An orc wizard (D:4)
  7 adders
  4 dart slugs
  7 orcs
  4 bats
  3 endoplasms
  A giant cockroach (D:4)
  10 goblins
  4 hobgoblins
  8 kobolds
  3 quokkas
  13 ball pythons
  3 frilled lizards
  5 rats
74 creatures vanquished.

Notes
Turn   | Place    | Note
-------+----------+-------------------------------------------
     0 | D:1      | jasper the Gargoyle Gladiator began the quest for the Orb.
     0 | D:1      | Reached XP level 1. HP: 12/12 MP: 1/1
    43 | D:1      | Reached XP level 2. HP: 5/18 MP: 2/2
    47 | D:1      | Reached skill level 3 in Axes
   402 | D:1      | Reached skill level 1 in Armour
   441 | D:1      | Found a faded altar of an unknown god.
   516 | D:1      | Reached XP level 3. HP: 22/22 MP: 3/3
  1062 | D:2      | Reached XP level 4. HP: 25/28 MP: 4/4
  1670 | D:3      | Reached skill level 4 in Axes
  1762 | D:3      | Reached XP level 5. HP: 25/32 MP: 5/5
  2345 | D:4      | Noticed an ogre
  2401 | D:3      | Slain by an orc priest

Illustrated notes

Levels and vault maps discovered:
D:1:      minmay_arrival_stair_chambers, layout_rooms,
          chequers_ecumenical_altar_island, chequers_serial_rivers_small_b
D:2:      layout_rooms
D:3:      layout_loops_ring, gammafunk_temple_overflow_wave,
          hangedman_decor_points, minmay_quantized
D:4:      layout_rooms, lemuel_zombie_altar_kikubaaqudgha,
          mainiacjoe_overflow_surrounded_room

Skill      XL: |  1  2  3  4 |
---------------+-------------+-----
Axes           | 3 4 |  4.4
Armour         | 1 2 |  2.7
Fighting       | 3 |  3.6
Throwing       | |  1.7
Dodging        | |  2.4

Action                   |  1- 3 |  4- 6 || total
-------------------------+-------+-------++-------
Melee: War axe           |    63 |   127 ||   190
Throw: Stone             |       |    34 ||    34
       Throwing net      |       |     3 ||     3
  Use: Scroll            |     5 |     2 ||     7
       Potion            |       |     2 ||     2
Armor: Leather armour    |    10 |       ||    10
       Ring mail         |    22 |    14 ||    36
       Scale mail        |       |    67 ||    67
Dodge: Dodged            |    63 |    75 ||   138

Table legend: (Time is in decaauts)
 A = Elapsed time spent in this place.
 B = Non-inter-level travel time spent in this place.
 C = Inter-level travel time spent in this place.
 D = Time resting spent in this place.
 E = Time spent auto-exploring this place.
 F = Levels seen in this place.
 G = Mean time per level.
                   A        B        C        D        E       F      G
               +--------+--------+--------+--------+--------+-----+--------+
         Total |   2469 |   2437 |     32 |    373 |   1353 |   4 |  617.2 |
       Dungeon |   2469 |   2437 |     32 |    373 |   1353 |   4 |  617.2 |
               +--------+--------+--------+--------+--------+-----+--------+

Top non-repeatable levels by time:
     D:1: 863 daAuts
     D:2: 663 daAuts
     D:3: 606 daAuts
     D:4: 336 daAuts
